tung, neutral female human Valkyrie ------ -------- |....| |..`...| ------ ------ |..>..##################### |......|#######..(..| |<...| #....(| # |......|# |..##| |.....#################|....| ##-....@&.## ...#{| |....| ------ |...&..|# |...{| #.....| --------# ------ #------ ----------- ######### #### |....|....| # # |....|.....## ### # |....|....| # # # ------------ ########[..%.)....-##### -----############-..........| # |..).|....| # ## -------- |..`+# |%%........-## |....|.....## #####.......| |...|# |..........| ----------- # |....%.| |...-# ------------ ##-......| ----- -------- tung the Fighter Experience level: 8 Strength: 18/02 Dexterity: 14 Constitution: 17 Intelligence: 8 Wisdom: 11 Charisma: 8 Health: 0(57) Energy: 19(19) AC: 10 Gold: 839 Moves: 2785 Your Inventory: Coins $ - 839 gold pieces Amulets J - an [uncursed] concave amulet [of life saving] Weapons b - 2 uncursed +0 daggers V - an [uncursed +0] elven dagger of fire (weapon in hand) Armor n - an [uncursed] burnt [+0] dwarvish cloak Z - a [cursed +0] orcish helm Comestibles a - 6 [cursed] apples c - 3 [cursed] fortune cookies d - 2 uncursed food rations f - 8 [cursed] oranges g - a [cursed] tripe ration F - 2 [uncursed] tripe rations Scrolls i - a [cursed] scroll labeled AQUE BRAGH [of light] k - a [cursed] scroll labeled ETAOIN SHRDLU [of food detection] q - a [cursed] scroll labeled LEP GEX VEN ZEA [of punishment] r - a [cursed] scroll labeled PRIRUTSENIE [of enchant armor] s - a [blessed] scroll of fire t - a [cursed] scroll of teleportation N - a [blessed] scroll of create monster O - an [uncursed] scroll of fire Spellbooks u - a [cursed] shining spellbook [of healing] v - a [cursed] turquoise spellbook [of sleep] Potions e - an [uncursed] clear potion [of water] w - a [cursed] clear potion [of unholy water] x - a [cursed] dark potion [of object detection] y - an [uncursed] milky potion [of blindness] z - a [blessed] murky potion [of healing] A - 2 [uncursed] murky potions [of healing] B - a [cursed] potion of oil C - a [cursed] potion of paralysis D - a [cursed] silver potion [of enlightenment] E - a [cursed] sky blue potion [of invisibility] I - a [blessed] soapy potion [of gain energy] U - an [uncursed] yellow potion [of sickness] Rings h - an uncursed ring of poison resistance o - an uncursed ring of warning K - a [cursed -2] diamond ring [of gain constitution] Q - a [blessed +3] wire ring [of increase damage] Wands j - an uncursed wand of undead turning (0:4) m - an [uncursed] wand of fire [0:3] W - an [uncursed] wand of striking [0:4] Tools l - an [uncursed] bag of tricks [0:5] p - an [uncursed] key [skeleton key] L - an [uncursed +0] unicorn horn M - a [cursed] bag [sack] P - an [uncursed tallow] candle R - an [uncursed oil] lamp called oil T - a [cursed] magic marker [0:21] X - an [uncursed] key [skeleton key] Spells known in the end: Name Level Category Fail Memory Your skills at the end: Fighting Skills Weapon Skills dagger [Basic / Expert] long sword [Skilled / Expert] Spellcasting Skills Final Attributes: You were devoutly aligned. Hunger level was 785. Your alignment was 16 / 23. Monster difficulty range was 1 - 8. Level difficulty was 8. You were immune to cold. You saw invisible. You were telepathic. You were stealthy. You were fast. Your luck was zero. You are dead. Vanquished creatures: a ghost a small mimic a tengu a wraith a giant spider a lizard a dingo a white unicorn 2 soldier ants a snow ant a bugbear a wood nymph a mountain nymph 5 Uruk-hai 2 rock piercers an enormous rat a rock mole 2 violet fungi 2 gnome lords a gnomish wizard a paper golem a giant ant a floating eye a dwarf a homunculus 12 hill orcs 4 rothes a rabid rat a giant bat a hobbit a hobgoblin 2 cave spiders a brown mold a yellow mold 3 gnomes a gecko 4 jackals a fox a kobold 6 grid bugs 3 bats 2 newts 78 creatures vanquished. Voluntary challenges: You used a wielded weapon 122 times. You read items or engraved 8 times. You put on armor 1 time. You never genocided any monsters. You never polymorphed an object. You never changed form. You used no wishes. You never wrote Elbereth's name. You encountered 1 bones level. You never used any Sokoban shortcuts. Dungeon overview: The Dungeons of Doom: levels 1 to 10 Level 1 a sink a long staircase Level 2 a delicatessen Level 4 a general store, a fountain Level 6 many fountains Level 7 a fountain, a sink Level 8 <- You were here some fountains, some trees History has recorded: On T:1 you entered the Dungeons of Doom to retrieve the Amulet of Yendor! On T:79 you reached level 2 of The Dungeons of Doom. On T:237 you reached level 3 of The Dungeons of Doom. On T:345 you advanced to experience level 2. On T:546 you reached level 4 of The Dungeons of Doom. On T:639 you advanced to experience level 3. On T:650 you advanced to experience level 4. On T:704 you advanced to experience level 5. On T:797 you advanced to experience level 6. On T:1220 you reached level 5 of The Dungeons of Doom. On T:1405 you reached level 6 of The Dungeons of Doom. On T:1615 you advanced to experience level 7. On T:1869 you reached level 7 of The Dungeons of Doom. On T:2192 you reached level 8 of The Dungeons of Doom. On T:2253 you advanced to experience level 8. On T:2507 you reached level 9 of The Dungeons of Doom. On T:2522 you reached level 10 of The Dungeons of Doom. Latest messages: [HP-20=5] You begin praying to Odin. You are surrounded by a shimmering light. The vrock starts to attack you, but pulls back. (3x) You finish your prayer. You feel that Odin is well-pleased. You feel much better. [HP+52=57] [3 turns] You miss the vrock. The vrock hits! (4x) The vrock bites! [HP-14=43] You hit the vrock! The vrock hits! (4x) The vrock bites! [HP-21=22] You miss the vrock. The vrock hits! (4x) The vrock bites! You die... The sack is empty. Final status: Farvel tung the Valkyrie... You died in The Dungeons of Doom on dungeon level 8 with 7214 points, and 839 pieces of gold, after 2785 moves. You were level 8 with a maximum of 57 hit points when you died.